 Dungeon Crawl Stone Soup version 0.30-a0-715-gdb4ae3ece1 (webtiles) character file.

Game seed: 17666799252273993262

307803 lessens the Wrestler (level 20, -4/207 (214) HPs)
             Began as a Troll Ice Elementalist on Jan 25, 2023.
             Was an Elder of Okawaru.
             Slain by a spriggan defender
             ... wielding a +7 flail of protection
             ... led by the Enchantress
              (14 damage)
             ... on level 1 of the Depths.
             The game lasted 01:34:24 (43707 turns).

lessens the Wrestler (Troll Ice Elementalist)      Turns: 43707, Time: 01:34:25

HP:   -4/207 (214)  AC: 26    Str: 27    XL:     20   Next: 33%
MP:   0/26          EV: 11    Int: 11    God:    Okawaru [****..]
Gold: 5109          SH: 21    Dex: 10    Spells: 20/21 levels left

rFire   + + .      SeeInvis .      - Unarmed
rCold   . . .      Faith    .    X - +3 tower shield of Liberty {rN+}
rNeg    + . .      Spirit   +    y - +2 fire dragon scales
rPois   .          Reflect  .    P - +2 hat
rElec   .          Harm     .    r - +1 cloak
rCorr   .          Rampage  .    (gloves unavailable)
Will    +....                    (boots unavailable)
Stlth   +                        N - amulet of guardian spirit
HPRegen 1.34/turn                u - +4 ring of protection
MPRegen 0.20/turn                Y - ring of protection from cold

@: heroic, slowed, lightly drained, very slow
A: large, unfitting armour, claws 3, regeneration 1, shaggy fur 1, tough skin 1
}: 2/15 runes: decaying, serpentine
a: Renounce Religion, Heroism, Finesse


You were on level 1 of the Depths.
You worshipped Okawaru.
Okawaru was greatly pleased with you.
You visited 9 branches of the dungeon, and saw 37 of its levels.
You visited the Abyss 1 time.
You also visited: Bailey and Volcano.

You collected 5384 gold pieces.
You spent 275 gold pieces at shops.

Inventory:

Missiles
 F - 4 curare-tipped darts
 G - 26 large rocks (quivered)
 M - 6 throwing nets
Armour
 c - the +1 faerie dragon scales {rCorr Int+3}
   (You took it off the Enchantress in the Arena)

   Int:       It affects your intelligence (+3).
   rCorr:     It protects you from acid and corrosion.
 d - the +3 robe of Clouds {*Thunder rCloud rElec}
   (Okawaru gifted it to you on level 14 of the Dungeon)

   *Thunder:  It occasionally creates storm clouds above nearby enemies.
   rCloud:    It grants its wearer immunity to clouds.
   rElec:     It insulates you from electricity.
 r - a +1 cloak (worn)
 y - +2 fire dragon scales (worn)
 J - the +7 ice dragon scales "Acebbylo" {-Tele rF- rC++ Str+4 Int+4}
   (Okawaru gifted it to you on level 2 of the Swamp)

   Str:       It affects your strength (+4).
   Int:       It affects your intelligence (+4).
   rF:        It makes you vulnerable to fire.
   rC:        It greatly protects you from cold.
   -Tele:     It prevents most forms of teleportation.
 P - a +2 hat (worn)
 X - the +3 tower shield of Liberty (worn) {rN+}
   (Okawaru gifted it to you on level 2 of the Lair of Beasts)

   rN:        It protects you from negative energy.
Jewellery
 g - an amulet of regeneration
 o - a ring of resist corrosion
 u - a +4 ring of protection (left claw)
 w - an amulet of guardian spirit
 B - a ring of willpower
 D - a ring of poison resistance
 I - a ring of flight
 L - a ring of see invisible
 N - an amulet of guardian spirit (around neck)
 R - a +4 ring of protection
 S - an amulet of magic regeneration
 U - a ring of protection from fire
 Y - a ring of protection from cold (right claw)
Wands
 a - a wand of light (4)
 h - a wand of mindburst (11)
 K - a wand of iceblast (5)
 Q - a wand of digging (15)
 T - a wand of flame (44)
Scrolls
 e - 6 scrolls of teleportation
 k - a scroll of blinking
 p - 4 scrolls of poison
 q - 2 scrolls of vulnerability
 s - 13 scrolls of identify
 x - 2 scrolls of fog
 z - a scroll of fear
 V - 4 scrolls of magic mapping
Potions
 b - 5 potions of magic
 f - 5 potions of flight
 i - a potion of ambrosia {unknown}
 j - 6 potions of mutation
 l - 5 potions of resistance
 m - 4 potions of berserk rage
 n - 6 potions of cancellation
 t - 3 potions of heal wounds
 v - 2 potions of invisibility
 A - 6 potions of might
 C - 3 potions of attraction
 E - 5 potions of lignification
 H - 12 potions of curing
 W - 7 potions of haste
Miscellaneous
 O - a condenser vane
 Z - a lightning rod (4/4)


   Skills:
 + Level 16.2(21.2) Fighting
 - Level 11.0(16.0) Armour
 - Level 10.1(15.1) Dodging
 - Level 1.0(6.0) Stealth
 - Level 10.6(15.6) Shields
 - Level 23.0(27) Unarmed Combat
 - Level 1.2 Spellcasting
 - Level 2.9 Ice Magic
 - Level 10.6 Invocations


You had 20 spell levels left.
You knew the following spells:

 Your Spells              Type           Power      Damage    Failure   Level
a - Freeze                Ice            28%        1d5       43%         1

Your spell library contained the following spells:

 Spells                   Type           Power      Damage    Failure   Level
 Frozen Ramparts          Ice            14%        1d3       80%         3
 Ozocubu's Armour         Ice            7%         N/A       80%         3
 Magic Dart               Conj           0%         1d3       85%         1
 Cigotuvi's Dreadful Rot  Necr/Pois/Air  0%         N/A       94%         2
 Lesser Beckoning         Tloc           0%         N/A       94%         2
 Poisonous Vapours        Pois/Air       0%         N/A       94%         2
 Static Discharge         Conj/Air       0%         2-2/arc   94%         2
 Sublimation of Blood     Necr           0%         N/A       94%         2
 Gell's Gravitas          Tloc           0%         N/A       99%         3
 Ignite Poison            Fire/Tmut/Pois 0%         N/A       99%         3
 Kindle Blastsparks       Fire/Tloc/Air  0%         2d10      99%         3
 Mephitic Cloud           Conj/Pois/Air  0%         N/A       99%         3
 Teleport Other           Tloc           0%         N/A       99%         3
 Vhi's Electric Charge    Tloc/Air       0%         N/A       99%         3
 Manifold Assault         Tloc           0%         N/A       100%        4
 Passage of Golubria      Tloc           0%         N/A       100%        4
 Petrify                  Tmut/Erth      0%         N/A       100%        4
 Arcjolt                  Conj/Air       0%         1d10      100%        5
 Fireball                 Conj/Fire      0%         3d3       100%        5
 Freezing Cloud           Conj/Ice/Air   1%         6-21      100%        5
 Irradiate                Conj/Tmut      0%         3d11      100%        5
 Iskenderun's Battlesphe  Conj           0%         2d6       100%        5
 Lightning Bolt           Conj/Air       0%         1d11      100%        5
 Metabolic Englaciation   Hex/Ice        1%         N/A       100%        5
 Yara's Violent Unravell  Hex/Tmut       0%         3d3       100%        5
 Conjure Ball Lightning   Conj/Air       0%         3x3d6     100%        6
 Dispersal                Tloc           0%         N/A       100%        6
 Enfeeble                 Hex            0%         N/A       100%        7
 Orb of Destruction       Conj           0%         9d5       100%        7
 Borgnjor's Revivificati  Necr           0%         N/A       100%        8
 Disjunction              Tloc           0%         N/A       100%        8
 Necromutation            Tmut/Necr      0%         N/A       100%        8
 Death's Door             Necr           0%         N/A       100%        9
 Call Imp                 Summ           Unusable   N/A       N/A         2
 Tukima's Dance           Hex            Unusable   N/A       N/A         3
 Summon Ice Beast         Ice/Summ       Unusable   N/A       N/A         4
 Simulacrum               Ice/Necr       Unusable   N/A       N/A         6

Dungeon Overview and Level Annotations

Branches:
Dungeon (15/15) Zot: 24514  Temple (1/1) D:6 Zot: 5961    Lair (5/5) D:8 Zot: 23676
  Swamp (4/4) Lair:2 Zot: 18741   Snake (4/4) Lair:2 Zot: 19384   Slime (0/5) Lair:5
    Orc (2/2) D:11 Zot: 9485     Elf (0/3) Orc:2        Vaults (4/5) D:14 Zot: 16629
  Crypt (1/3) Vaults:3 Zot: 5998  Depths (1/4) D:15 Zot: 5213  Bailey (visited)
Volcano (visited)

Altars:
Ashenzari
Cheibriados
Dithmenos
Elyvilon
Fedhas
Gozag
Hepliaklqana
Kikubaaqudgha
Makhleb
Okawaru
Qazlal
Ru
Sif Muna
Trog
Uskayaw
Vehumet
Wu Jian
Xom
Yredelemnul
Zin
The Shining One

Shops:
D:13 *   Orc:2 (:([   Swamp:3 *   Snake:2 =   Snake:4 *   Vaults:1 (

Portals:
Hell: Depths:1
Abyss: Depths:1

Annotations:
Swamp:1 Roxanne


Innate Abilities, Weirdness & Mutations

You are too large for most types of armour.
You have claws for hands.
Your natural rate of healing is unusually fast.
You are covered in fur. (AC +1)
You have tough skin. (AC +1)


Message History

You claw the spriggan defender!
You kill the spriggan defender!
Okawaru accepts your kill.
You block the spriggan defender's attack.
The spriggan defender hits you with a +7 flail of protection!
The spriggan rider hits you from afar with a +0 spear.
The spriggan defender blocks your attack.
You block the spriggan defender's attack.
You eviscerate the spriggan defender!!!
The spriggan defender is heavily wounded.
You block the spriggan defender's attack.
The spriggan rider hits you from afar with a +0 spear!
You block the spriggan defender's attack.
You completely miss the spriggan defender.
The spriggan defender is heavily wounded.
The spriggan defender hits you with a +7 flail of protection!
The spriggan rider barely misses you.
You closely miss the spriggan defender.
The spriggan defender is heavily wounded.
You block the spriggan defender's attack.
The spriggan rider hits you from afar with a +0 spear!
The spriggan defender barely misses you.
The spriggan defender blocks your attack.
The spriggan defender is heavily wounded.
You are no longer firmly anchored in space.
The spriggan defender hits you with a +7 flail of protection!!
* * * LOW HITPOINT WARNING * * *
The spriggan rider hits you from afar with a +0 spear.
* * * LOW HITPOINT WARNING * * *
The spriggan defender hits you with a +7 flail of protection!!
* * * LOW HITPOINT WARNING * * *
As you read the scroll of fear, it crumbles to dust.
You assume a fearsome visage.
The spriggan defender resists with almost no effort.
The spriggan rider resists with some effort.
The spriggan defender hits you with a +7 flail of protection!
* * * LOW HITPOINT WARNING * * *
You block the spriggan rider's attack.
The spriggan defender hits you with a +7 flail of protection!
You die...

#.............# ≈~
####......[......# ≈~
).........#......# ≈≈
)####.....#......# ≈≈
....##....#......######~ ≈≈
###⌠.#....#.............
..##.#..................
.⌠.#.####...###..^......
>..#.####...# ##@)......
.⌠.#.##...### #i)......
..##.#....######..i.....
.##⌠.#................§. ....
....##..#..†......###...
..... #####...#.........# ...
.....# #.....#.........# .
.....# #.....#.........#
.....#
#.....#.........#######.....#


You could see a spriggan defender and a spriggan rider.

Vanquished Creatures
  An ancient lich (Vaults:2)
  the Lernaean hydra (Swamp:4)
  Bai Suzhen (Swamp:4)
  Vashnia (Snake:3)
  Margery (Vaults:2)
  Nikola (Swamp:3)
  Jory (Vaults:2)
  the Enchantress (Arena)
  A lich (Depths:1)
  Mlioglotl (Snake:2)
  Gastronok (D:8)
  2 sphinxes (Vaults:4)
  A tentacled starspawn (Abyss:2)
  A storm dragon (Vaults:3)
  Kirke (Swamp:4)
  4 nagarajas
  2 tengu reavers
  4 thorn hunters
  Donald (Swamp:4)
  2 frost giants (Vaults:3)
  Aizul (Snake:4)
  A fenstrider witch (Swamp:2)
  6 vault wardens
  2 orc warlords
  16 very ugly things
  2 spriggan defenders (Depths:1)
  2 stone giants (Depths:1)
  17 ironbound preservers
  2 war gargoyles
  6 ironbound thunderhulks
  2 bunyips (Swamp:2)
  The ghost of bronco the Party-goer, a journeyman SpBr of Uskayaw (Snake:1)
  A lorocyproca (Abyss:2)
  3 eleionomae
  A deep elf demonologist (Vaults:2)
  2 deep elf death magi
  7 dire elephants
  A merfolk impaler (Depths:1)
  3 great orbs of eyes (Vaults:2)
  3 fire dragons (D:15)
  An entropy weaver (Vaults:4)
  A deep elf high priest (Vaults:2)
  A vault guard (Vaults:4)
  4 yaktaur captains
  An ogre mage (D:15)
  23 hydras
  2 spriggan air magi (Depths:1)
  5 salamander tyrants
  An ice dragon (Depths:1)
  7 two-headed ogres
  5 ghost crabs
  5 boulder beetles
  An ironbound frostheart (Vaults:1)
  Erica (D:8)
  8 centaur warriors
  6 anacondas
  A deep troll shaman (Lair:5)
  4 catoblepae
  8 alligators
  9 naga warriors
  Urug (D:9)
  2 deep troll earth magi
  6 tengu warriors
  5 death yaks (Lair:5)
  7 hell knights
  A spriggan berserker (Swamp:2)
  15 naga sharpshooters
  4 spriggans
  A wretched star (Abyss:2)
  4 shock serpents
  A deep elf knight (Vaults:2)
  An iron troll (Depths:1)
  6 goliath frogs
  6 skeletal warriors
  3 salamander mystics
  2 bog bodies
  A flayed ghost (D:15)
  42 deep trolls
  A death drake (Swamp:2)
  Pikel (D:7)
  A tengu zombie (D:15)
  2 spriggan druids
  5 naga ritualists
  4 large abominations (Abyss:2)
  11 ironbound convokers
  A deep elf zephyrmancer (Vaults:2)
  14 swamp dragons
  3 wizards
  15 orc knights
  7 necromancers
  2 orc sorcerers (Orc:1)
  3 mana vipers
  17 salamanders
  6 will-o-the-wisps
  39 ugly things
  A manticore (D:14)
  3 cyclopes
  A fire giant zombie (D:15)
  A fire giant skeleton (D:15)
  A worldbinder (Abyss:2)
  14 elephants
  33 black mambas
  23 naga magi
  13 vault sentinels
  A toenail golem (Volcano)
  5 guardian serpents
  4 molten gargoyles (Volcano)
  2 smoke demons (Abyss:2)
  6 cane toads
  An unseen horror (D:12)
  7 komodo dragons
  4 rime drakes
  Psyche (D:9)
  An efreet (Abyss:2)
  7 yaktaurs
  A spriggan skeleton (D:15)
  4 trolls
  4 polar bears
  3 meliai (D:13)
  8 tyrant leeches
  4 hornets
  10 dream sheep
  21 blink frogs
  A raiju (Abyss:2)
  A spectral black mamba (Lair:2)
  25 slime creatures
  A vampire (D:14)
  9 water elementals
  A shadow (D:12)
  A ynoxinul (Abyss:2)
  Eustachio (D:4)
  3 fire elementals (D:14)
  10 wyverns
  2 steam dragons (D:7)
  4 wraiths
  57 yaks
  2 spectral komodo dragons (Lair:2)
  A chaos spawn (Abyss:2)
  A hog (Swamp:4)
  2 humans (Swamp:4)
  7 basilisks
  2 starcursed masses (Abyss:2)
  2 redbacks (Vaults:4)
  7 vampire mosquitoes
  5 small abominations (Abyss:2)
  Menkaure (D:7)
  6 wargs (Orc:2)
  63 nagas
  12 swamp worms
  3 acid dragons
  8 water moccasins
  35 orc warriors
  A sky beast (D:3)
  7 swamp drakes (Swamp:4)
  2 ice beasts
  9 ogres
  3 black bears
  21 wolves
  12 centaurs
  3 kobold brigands
  16 bullfrogs
  8 gnoll sergeants (Bailey)
  2 necrophages
  3 spectral water moccasins (Lair:2)
  An earth elemental (Volcano)
  4 scorpions
  12 wights
  5 killer bees (D:10)
  3 howler monkeys
  11 electric eels
  4 lava snakes (D:14)
  A quasit (Abyss:2)
  9 orc priests
  A jelly (D:8)
  6 hounds
  5 gnoll boudas (Bailey)
  4 iguanas
  18 orc wizards
  12 hell rats
  21 gnolls
  5 adders
  A shadow imp (D:5)
  3 white imps
  2 ufetubi
  2 worms (D:2)
  2 dart slugs
  89 orcs
  8 ball pythons
  8 endoplasms
  2 giant cockroaches (D:1)
  15 goblins
  10 hobgoblins
  2 jackals (D:5)
  22 kobolds
  3 quokkas
  5 bats
  3 frilled lizards
  4 rats
  2 briar patches
  A starspawn tentacle (Abyss:2)
1292 creatures vanquished.

Vanquished Creatures (others)
  A wizard (Vaults:3)
  A tyrant leech (Swamp:2)
  4 bloated husks
  A briar patch (Swamp:4)
  17 foxfires
  25 fungi
  59 plants
  3 starspawn tentacles (Abyss:2)
  A withered plant (D:15)
112 creatures vanquished.

Grand Total: 1404 creatures vanquished

Notes
Turn   | Place    | Note
-------+----------+-------------------------------------------
     0 | D:1      | lessens the Troll Ice Elementalist began the quest for the
                  | Orb.
     0 | D:1      | Reached XP level 1. HP: 16/16 MP: 1/1
   125 | D:1      | Found a faded altar of an unknown god.
   130 | D:1      | Reached skill level 1 in Unarmed Combat
   175 | D:1      | Reached XP level 2. HP: 24/24 MP: 2/2
   537 | D:1      | Reached skill level 2 in Unarmed Combat
  1046 | D:2      | Reached XP level 3. HP: 31/31 MP: 3/3
  1052 | D:2      | Reached skill level 3 in Unarmed Combat
  1260 | D:2      | Reached XP level 4. HP: 39/39 MP: 4/4
  1350 | D:2      | Reached skill level 4 in Unarmed Combat
  1692 | D:3      | Reached XP level 5. HP: 45/45 MP: 5/5
  1706 | D:3      | Found a white marble altar of Elyvilon.
  1933 | D:3      | Noticed a sky beast
  1951 | D:3      | Killed a sky beast
  1952 | D:3      | Reached skill level 5 in Unarmed Combat
  2647 | D:4      | Reached XP level 6. HP: 53/53 MP: 6/6
  2651 | D:4      | Reached skill level 6 in Unarmed Combat
  2861 | D:4      | Found an opulent altar of Gozag.
  3032 | D:4      | Noticed Eustachio
  3041 | D:4      | Killed Eustachio
  3042 | D:4      | Reached skill level 7 in Unarmed Combat
  3293 | D:5      | Entered Level 5 of the Dungeon
  3300 | D:5      | Reached XP level 7. HP: 59/59 MP: 7/7
  3626 | D:5      | Reached skill level 8 in Unarmed Combat
  4057 | D:6      | Found a basalt altar of Yredelemnul.
  4099 | D:6      | Reached skill level 9 in Unarmed Combat
  4103 | D:6      | Reached XP level 8. HP: 52/67 MP: 8/8
  4328 | D:6      | Found a staircase to the Ecumenical Temple.
  4334 | Temple   | Entered the Ecumenical Temple
  4358 | Temple   | Became a worshipper of Warmaster Okawaru
  4441 | D:6      | Found an ornate altar of the Wu Jian Council.
  4474 | D:6      | Identified the +12 whip "Iforiuc" {drain, Int+5}
  4547 | D:6      | Reached skill level 1 in Invocations
  4719 | D:7      | Reached skill level 10 in Unarmed Combat
  4800 | D:7      | Reached * piety under Okawaru
  4976 | D:7      | Reached skill level 11 in Unarmed Combat
  4976 | D:7      | Reached XP level 9. HP: 46/74 MP: 10/10
  5235 | D:7      | Reached ** piety under Okawaru
  5318 | D:7      | Noticed Pikel
  5333 | D:7      | Killed Pikel
  5334 | D:7      | Reached skill level 1 in Fighting
  5334 | D:7      | Reached skill level 12 in Unarmed Combat
  5357 | D:7      | Found a sacrificial altar of Ru.
  5397 | D:7      | Noticed Menkaure
  5402 | D:7      | Killed Menkaure
  5535 | D:8      | Found a staircase to the Lair.
  5564 | D:8      | Noticed Erica
  5573 | D:8      | Killed Erica
  5573 | D:8      | Reached *** piety under Okawaru
  5614 | D:8      | Found a stormy altar of Qazlal.
  5615 | D:8      | Found a broken altar of Ashenzari.
  5615 | D:8      | Found a glowing silver altar of Zin.
  5621 | D:8      | Reached XP level 10. HP: 91/91 MP: 12/12
  5773 | D:8      | Found a hazy altar of Hepliaklqana.
  5872 | D:8      | Found a flagged portal.
  5880 | Bailey   | Entered a bailey
  5903 | Bailey   | Reached skill level 13 in Unarmed Combat
  6175 | Bailey   | Identified the +9 broad axe of Diet Blood {pain, rF+ SInv}
  6187 | Bailey   | Reached **** piety under Okawaru
  6621 | D:8      | Noticed Gastronok
  6640 | D:8      | Killed Gastronok
  6641 | D:8      | Reached skill level 14 in Unarmed Combat
  6825 | D:8      | Reached skill level 5 in Fighting
  7180 | D:8      | Found a burning altar of Makhleb.
  7298 | D:9      | Reached ***** piety under Okawaru
  7502 | D:9      | Noticed Psyche
  7580 | D:9      | Killed Psyche
  7581 | D:9      | Reached XP level 11. HP: 99/99 MP: 13/13
  7856 | D:9      | Found a radiant altar of Vehumet.
  8315 | D:10     | Entered Level 10 of the Dungeon
  8319 | D:10     | Noticed Urug
  8339 | D:9      | Killed Urug
  8340 | D:9      | Reached skill level 15 in Unarmed Combat
  8539 | D:10     | Found a glowing golden altar of the Shining One.
  8665 | D:10     | Identified the +0 robe "Nudir" {+Blink rCorr} (Okawaru
                  | gifted it to you on level 10 of the Dungeon)
  8665 | D:10     | Received a gift from Okawaru
  9439 | D:11     | Noticed a two-headed ogre
  9453 | D:11     | Killed a two-headed ogre
  9682 | D:11     | Reached skill level 16 in Unarmed Combat
  9750 | D:11     | Found a staircase to the Orcish Mines.
 10542 | D:12     | Noticed a two-headed ogre
 10547 | D:12     | Killed a two-headed ogre
 10547 | D:12     | Identified the +1 quarterstaff "Jegg" {flame, Str+2}
                  | (Okawaru gifted it to you on level 12 of the Dungeon)
 10547 | D:12     | Received a gift from Okawaru
 10548 | D:12     | Reached XP level 12. HP: 100/118 MP: 11/14
 10798 | D:12     | Noticed a two-headed ogre
 10804 | D:12     | Killed a two-headed ogre
 10952 | D:12     | Reached skill level 17 in Unarmed Combat
 10957 | D:12     | Reached skill level 5 in Invocations
 11528 | Lair:1   | Entered Level 1 of the Lair of Beasts
 12147 | Lair:1   | Noticed a boulder beetle
 12164 | Lair:1   | Killed a boulder beetle
 12677 | Lair:2   | Reached skill level 18 in Unarmed Combat
 13017 | Lair:2   | Reached ****** piety under Okawaru
 13151 | Lair:2   | Noticed a boulder beetle
 13163 | Lair:2   | Killed a boulder beetle
 13205 | Lair:2   | Reached XP level 13. HP: 108/124 MP: 14/17
 13338 | Lair:2   | Found a staircase to the Snake Pit.
 13378 | Lair:2   | Found a staircase to the Swamp.
 13388 | Lair:2   | Identified the +3 tower shield of Liberty {rN+} (Okawaru
                  | gifted it to you on level 2 of the Lair of Beasts)
 13388 | Lair:2   | Received a gift from Okawaru
 13826 | Lair:3   | Reached skill level 1 in Shields
 14187 | Lair:3   | Reached skill level 5 in Shields
 15067 | Lair:4   | You fall into a shaft and drop 1 floor!
 15067 | Lair:5   | Entered Level 5 of the Lair of Beasts
 15237 | Lair:4   | Identified the +7 halberd of the Chickpea {venom, rPois
                  | rCorr Int+9}
 16036 | Lair:5   | Found a staircase to the Slime Pits.
 16470 | Lair:5   | Received a gift from Okawaru
 16616 | Lair:5   | Reached XP level 14. HP: 126/133 MP: 16/18
 16692 | Lair:5   | Reached skill level 19 in Unarmed Combat
 17334 | Lair:5   | Identified the +1 robe "Gairul Jaiwk" {+Inv SInv} (Okawaru
                  | gifted it to you on level 5 of the Lair of Beasts)
 17334 | Lair:5   | Received a gift from Okawaru
 17335 | Lair:5   | Reached skill level 20 in Unarmed Combat
 17342 | Lair:5   | Identified the ring of Xueb {EV+5 Str+4 Dex+4}
 17348 | Lair:5   | Identified the +1 robe of Rapabek {Will- Str+5}
 17567 | Lair:5   | Reached skill level 1 in Armour
 17731 | Orc:1    | Entered Level 1 of the Orcish Mines
 17803 | Orc:1    | Found an ornate altar of the Wu Jian Council.
 17820 | Orc:1    | Found a transporter.
 17947 | Orc:1    | Found a transporter.
 17954 | Orc:1    | Found a transporter.
 17971 | Orc:1    | Found a transporter.
 17971 | Orc:1    | Found an ornate altar of the Wu Jian Council.
 17971 | Orc:1    | Noticed an orc warlord
 18249 | Orc:1    | Found a dark tunnel.
 18254 | Volcano  | Entered a volcano
 18824 | Orc:1    | Killed an orc warlord
 18917 | Orc:2    | Entered Level 2 of the Orcish Mines
 18941 | Orc:2    | Found a staircase to the Elven Halls.
 19332 | Orc:2    | Found Cuhevyov's Antique Armour Shop.
 19332 | Orc:2    | Found Timi's Antique Weapon Emporium.
 20055 | Orc:2    | Found Daem's Book Shop.
 20065 | Orc:2    | Reached skill level 5 in Dodging
 20199 | Orc:2    | Found Plog's Antique Weapon Emporium.
 20938 | D:13     | Found Hagam's Fire Supplies.
 20946 | D:13     | Bought a ring of protection from fire for 275 gold pieces
 21258 | D:13     | Reached XP level 15. HP: 132/143 MP: 16/19
 21463 | D:14     | Received a gift from Okawaru
 21769 | D:14     | Identified the +5 battleaxe of Corruption {protect, rCorr
                  | Int+2}
 21836 | D:14     | Found a gate to the Vaults.
 21909 | D:15     | Entered Level 15 of the Dungeon
 22031 | D:14     | Received a gift from Okawaru
 22031 | D:14     | Found the +3 robe of Clouds {*Thunder rCloud rElec}
 22658 | D:15     | Reached skill level 10 in Fighting
 22955 | D:15     | Found a staircase to the Depths.
 23544 | Depths:1 | Entered Level 1 of the Depths
 23685 | Depths:1 | Noticed a tengu reaver
 24263 | Swamp:1  | Entered Level 1 of the Swamp
 24296 | Swamp:1  | Noticed Roxanne
 24361 | Swamp:1  | Identified the +3 demon blade of the Teaching Hawk {venom,
                  | rF+ Will+ Str-3 SInv} (Okawaru gifted it to you on level 1
                  | of the Swamp)
 24361 | Swamp:1  | Received a gift from Okawaru
 24915 | Swamp:2  | Reached skill level 5 in Armour
 24938 | Swamp:2  | Found a shimmering altar of Xom.
 25065 | Swamp:2  | Noticed a thorn hunter
 25072 | Swamp:2  | Killed a thorn hunter
 25073 | Swamp:2  | Reached XP level 16. HP: 112/165 MP: 12/20
 25363 | Swamp:2  | Noticed a thorn hunter
 25384 | Swamp:2  | Killed a thorn hunter
 25387 | Swamp:2  | Identified the +7 ice dragon scales "Acebbylo" {-Tele rF-
                  | rC++ Str+4 Int+4} (Okawaru gifted it to you on level 2 of
                  | the Swamp)
 25387 | Swamp:2  | Received a gift from Okawaru
 25628 | Swamp:2  | Noticed a thorn hunter
 25638 | Swamp:2  | Killed a thorn hunter
 25826 | Swamp:2  | Paralysed by a fenstrider witch for 5 turns
 26526 | Swamp:3  | Found Jox Yhakuh's Island Escapes.
 26753 | Swamp:3  | Noticed Nikola
 26803 | Swamp:3  | Killed Nikola
 27438 | Swamp:4  | Entered Level 4 of the Swamp
 27464 | Swamp:4  | Noticed Donald
 27643 | Swamp:4  | Killed Donald
 27730 | Swamp:4  | Noticed a thorn hunter
 27783 | Swamp:4  | Killed a thorn hunter
 28013 | Swamp:4  | Received a gift from Okawaru
 28361 | Swamp:4  | Noticed the 27-headed Lernaean hydra
 28372 | Swamp:4  | Killed the 26-headed Lernaean hydra
 28373 | Swamp:4  | Reached skill level 10 in Invocations
 28381 | Swamp:4  | Noticed Kirke
 28396 | Swamp:4  | Killed Kirke
 28590 | Swamp:4  | Reached XP level 17. HP: 156/172 MP: 21/23
 28728 | Swamp:4  | Noticed Bai Suzhen
 29281 | Swamp:4  | HP: 6/172 [Bai Suzhen/torrent of water (52)]
 29281 | Swamp:4  | HP: 2/172 [mangrove collision (4)]
 29286 | Swamp:4  | Killed Bai Suzhen
 29525 | Swamp:4  | Got a decaying rune of Zot
 29664 | Snake:1  | Entered Level 1 of the Snake Pit
 29870 | Snake:1  | Found a transporter.
 29870 | Snake:1  | Noticed bronco's ghost (journeyman SpBr)
 29877 | Snake:1  | Found a transporter.
 30198 | Snake:1  | Received a gift from Okawaru
 30440 | Snake:1  | Reached skill level 21 in Unarmed Combat
 30601 | Snake:1  | Identified the +4 helmet of the Armadillo {Rampage Str-2
                  | Stlth+}
 30663 | Snake:1  | Killed bronco's ghost
 31626 | Snake:2  | Found Ukhlujiwu's Jewellery Emporium.
 31684 | Snake:2  | Reached skill level 22 in Unarmed Combat
 31740 | Snake:2  | Found a sacrificial altar of Ru.
 31908 | Snake:3  | Noticed Vashnia
 32023 | Snake:3  | Noticed Mlioglotl
 32040 | Snake:2  | Killed Mlioglotl
 32040 | Snake:2  | Received a gift from Okawaru
 32127 | Snake:3  | Killed Vashnia
 32583 | Snake:3  | Identified the +0 kite shield "Ajuanwen" {Will+ Dex+2}
                  | (Okawaru gifted it to you on level 3 of the Snake Pit)
 32583 | Snake:3  | Received a gift from Okawaru
 32787 | Snake:4  | Entered Level 4 of the Snake Pit
 32928 | Snake:4  | Reached XP level 18. HP: 149/183 MP: 18/24
 33088 | Snake:4  | Noticed Aizul
 33355 | Snake:4  | Identified the +4 hand axe "Pafappei" {elec, rPois Dex+3}
 33618 | Snake:4  | Killed Aizul
 34391 | Snake:4  | Found Uxelubb's Overcharged Wands.
 34484 | Snake:4  | Got a serpentine rune of Zot
 34795 | Vaults:1 | Entered Level 1 of the Vaults
 35213 | Vaults:1 | Found Icoydghi's Weapon Emporium.
 35571 | Vaults:1 | Received a gift from Okawaru
 36284 | Vaults:2 | Reached skill level 15 in Fighting
 36470 | Vaults:2 | Paralysed by a great orb of eyes for 5 turns
 36501 | Vaults:2 | Noticed an ancient lich
 36511 | Vaults:2 | Killed an ancient lich
 36535 | Vaults:2 | Noticed Jory
 36543 | Vaults:2 | Killed Jory
 36572 | Vaults:2 | Identified the +2 hat of Foeggus {Str+3 Dex-2 SInv}
                  | (Okawaru gifted it to you on level 2 of the Vaults)
 36572 | Vaults:2 | Received a gift from Okawaru
 37051 | Vaults:2 | Reached skill level 10 in Armour
 37072 | Vaults:1 | Reached XP level 19. HP: 51/199 MP: 6/25
 37310 | Vaults:2 | Noticed Margery
 37320 | Vaults:2 | Killed Margery
 38053 | Abyss:2  | Cast into level 2 of the Abyss (a wizard)
 38091 | Abyss:2  | Found a corrupted altar of Lugonu.
 38377 | Abyss:2  | Reached skill level 10 in Shields
 38400 | Vaults:2 | Escaped the Abyss
 38742 | Vaults:2 | Paralysed by a great orb of eyes for 5 turns
 39718 | Vaults:3 | Found a staircase to the Crypt.
 39718 | Vaults:3 | Found an ancient bone altar of Kikubaaqudgha.
 39718 | Vaults:3 | Found a basalt altar of Yredelemnul.
 40376 | Vaults:3 | Identified the +2 robe of Eternal Night {Str+6} (Okawaru
                  | gifted it to you on level 3 of the Vaults)
 40376 | Vaults:3 | Received a gift from Okawaru
 41689 | Vaults:4 | Identified the +4 rapier of Evil {venom, rF++ Int-2}
 42030 | Vaults:4 | Reached skill level 10 in Dodging
 42200 | Crypt:1  | Entered Level 1 of the Crypt
 42265 | Vaults:4 | Paralysed by a sphinx for 2 turns
 42268 | Vaults:4 | Reached XP level 20. HP: 200/213 MP: 21/26
 42599 | Vaults:4 | Identified a scroll of acquirement
 42599 | Vaults:4 | Acquired 820 gold pieces
 42909 | Depths:1 | Found a one-way gate to the infinite horrors of the Abyss.
 42925 | Depths:1 | Found a gateway to Hell.
 42991 | Depths:1 | Noticed the Enchantress
 43175 | Depths:1 | Found a stormy altar of Qazlal.
 43264 | Depths:1 | Reached skill level 23 in Unarmed Combat
 43465 | Depths:1 | Identified the +1 robe "Mudongemp" {rCorr Str+5 Archmagi}
                  | (Okawaru gifted it to you on level 1 of the Depths)
 43465 | Depths:1 | Received a gift from Okawaru
 43634 | Arena    | Entered the Arena
 43676 | Arena    | Killed the Enchantress
 43707 | Depths:1 | HP: 10/207 [spriggan defender/+7 flail of protection[the
                  | Enchantress] (9)]
 43707 | Depths:1 | Slain by a spriggan defender

Illustrated notes

Levels and vault maps discovered:
D:1:      erik_arrival_orb_chamber, layout_loops_ring,
          hellmonk_ecumenical_altar_pennies_from_heaven
D:2:      cheibrodos_greedy_goblins, layout_loops_cross
D:3:      layout_loops_ring, elyvilon_altar_5, moated_statue,
          due_unseen_surprise
D:4:      layout_basic, kennysheep_little_box, grunt_decor_mini_mirrors,
          kennysheep_generic_room_9, uniq_eustachio
D:5:      layout_basic
D:6:      layout_rooms, nicolae_wu_jian_wuxing_cycle,
          mainiacjoe_overflow_alcove_2, temple_green
D:7:      layout_basic, nicolae_ru_the_path_less_chosen, uniq_pikel,
          uniq_menkaure
D:8:      layout_loops_ring, marbit_many_paths,
          chequers_temple_overflow_statue_of_worship, david_lair_shrubbed,
          enter_bailey_2, uniq_gastronok, uniq_erica
D:9:      layout_gridville, lemuel_tele_altar, uniq_psyche
D:10:     layout_cave_pools, tso_metal_star, grunt_ministairs_9, uniq_urug
D:11:     nicolae_moon_pools, layout_rooms
D:12:     layout_grid_maze, lemuel_old_faithful
D:13:     layout_loops_cross, nicolae_shop_fire_sale [nicolae_sub_dead_trees],
          lightli_corner_chamber
D:14:     layout_big_octagon, minmay_staircase_windowed_large
D:15:     gammafunk_depths_entry_grave, layout_long_grid
Temple:   chequers_temple_sunken
Lair:1:   layout_regular_city, beast_lair_carwin_11, grunt_megastairs_1,
          serial_bayou_shore_a
Lair:2:   layout_chaotic_city, nicolae_swamp_entry_spooky,
          minmay_snake_entry_guardpost_medium
Lair:3:   layout_long_grid, infiniplex_staircase_pool_2
Lair:4:   layout_roguey, serial_bayou, serial_bayou_lagoon_b,
          serial_bayou_lake_a, serial_bayou_pond_e, serial_bayou_pond_e
Lair:5:   grunt_lair_end_beastmaster, layout_gridlike, slime_entry_1,
          st_stairs_4, infiniplex_staircase_pool, serial_bayou_shore_b
Swamp:1:  layout_basic_swamp, hangedman_swamp_ruin_wall, uniq_roxanne
Swamp:2:  nzn_winding_woodlands_medium [nzn_winding_woodlands_hourglass,
          nzn_winding_woodlands_5x15_eye, nzn_winding_woodlands_5x5_open_star,
          nzn_winding_woodlands_5x5_closed_star,
          nzn_winding_woodlands_center_pierced_h,
          nzn_winding_woodlands_5x5_perimeter, nzn_winding_woodlands_5x5_three,
          nzn_winding_woodlands_5x15_garden, nzn_winding_woodlands_5x5_default],
          layout_basic_swamp, nicolae_swamp_godswood
Swamp:3:  layout_falls_marsh, evilmike_swamp_ruin_house_1, swamp_pool2,
          nicolae_island_escapes, uniq_nikola
Swamp:4:  swamp_old_school, layout_basic_swamp, uniq_bai_suzhen, uniq_kirke,
          uniq_donald
Snake:1:  layout_misc_corridors, gammafunk_ghost_arena
Snake:2:  layout_rooms, serial_shops, shop_fountains, basic_altar,
          grunt_ministairs_3, lemuel_fruit_tree
Snake:3:  layout_misc_corridors, serial_bayou_pond_e, uniq_mlioglotl,
          uniq_vashnia
Snake:4:  minmay_snake_end_coiled, layout_onion, nicolae_shop_overcharged_wands,
          uniq_aizul
Orc:1:    dreamdust_wu_jian_sword_trials, layout_diamond_mine, basic_altar,
          enter_volcano_4, mines2_david
Orc:2:    st_orc_town, layout_caves, nicolae_orc_tapped_out
Vaults:1: ontoclasm_vaults_tryst, v_misc_32, nicolae_vaults_hallways_thing,
          v_misc_16, v_misc_4, v_pattern_2, nicolae_vaults_know_your_exits,
          hangedman_vaults_restitches, ontoclasm_vaults_loading_screen,
          hangedman_vaults_cutoff, vaults_room_corners, vaults_mumra_chevron,
          layout_vaults_maze_bifur, serial_shops, shop
Vaults:2: st_cells, nicolae_vaults_three_branches, grunt_vaults_hallway_short,
          vaults_dpeg_encased_lava, vaults_mumra_hexcomb, vaults_mumra_lcd,
          nicolae_vaults_network_periphery, layout_vaults_omnigrid, uniq_jory,
          uniq_margery
Vaults:3: dpeg_vaults_waves, ontoclasm_vaults_twist, nicolae_vaults_what_the_h,
          vaults_room_grid, nicolae_vaults_little_ls,
          minmay_crypt_entry_necro_gods, ontoclasm_vaults_ring_square,
          nicolae_vaults_theta, vaults_room_semicircle, v_misc_12,
          ontoclasm_vaults_loading_screen, nicolae_vaults_mini_display_case,
          layout_vaults_omnicross
Vaults:4: st_more_cells, ontoclasm_vaults_loading_screen, nicolae_vaults_big_ls,
          vaults_room_semicircle, nicolae_vaults_little_squares_5,
          vaults_dpeg_doors, v_misc_8, ontoclasm_vaults_decontamination,
          ontoclasm_vaults_chip, hangedman_vaults_maws, v_rooms_4,
          vaults_dpeg_ring, nicolae_vaults_rhombus_6, hangedman_vaults_nails,
          layout_vaults_omnibox
Crypt:1:  layout_misc_corridors, lemuel_freeze_loot_1, grunt_megastairs_5
Depths:1: layout_basic, nicolae_qazlal_general_emergency, abyss_entry_crystal,
          hangedman_coc_ice_floe, nicolae_elemental_shop, grunt_ministairs_11,
          drop_trap, zin_treasury, uniq_saint_roka, uniq_enchantress

Skill      XL: |  1  2  3  4  5  6  7  8  9 10 11 12 13 14 15 16 17 18 19 20 |
---------------+-------------------------------------------------------------+-----
Unarmed Combat | 1 2 3 4 5 7 9 11 12 14 16 18 20 22 23 | 23.0
Invocations    | 3 4 7 10 | 10.6
Fighting       | 3 5 7 12 15 16 | 16.2
Shields        | 9 10 | 10.6
Armour         | 4 5 9 10 11 | 11.0
Dodging        | 5 10 | 10.1
Stealth        | |  1.0
Spellcasting   | |  1.2
Ice Magic      | |  2.9

Action                     |  1- 3 |  4- 6 |  7- 9 | 10-12 | 13-15 | 16-18 | 19-21 || total
---------------------------+-------+-------+-------+-------+-------+-------+-------++-------
  Melee: Unarmed           |    27 |    15 |   191 |   669 |  1370 |  1491 |   880 ||  4643
         Punch             |       |     2 |     8 |    61 |     5 |       |       ||    76
         Whip              |       |       |     3 |       |       |       |       ||     3
   Fire: Sling             |    43 |   185 |    72 |       |       |       |       ||   300
  Throw: Large rock        |       |       |       |    19 |     4 |     4 |       ||    27
   Cast: Freeze            |     2 |       |       |       |       |       |       ||     2
 Invoke: Heroism           |       |       |       |     2 |    17 |    25 |     9 ||    53
         Finesse           |       |       |       |       |     1 |     8 |     4 ||    13
         Duel              |       |       |       |       |       |       |     1 ||     1
  Evoke: Wand              |       |       |       |     2 |    13 |     9 |       ||    24
         Condenser vane    |       |       |       |       |       |     3 |       ||     3
         Lightning rod     |       |       |       |       |       |     2 |       ||     2
    Use: Scroll            |       |       |     4 |     7 |    18 |    11 |     3 ||    43
         Potion            |       |       |       |       |     3 |     7 |     1 ||    11
   Stab: Sleeping          |     2 |       |       |     2 |     1 |       |       ||     5
         Petrified         |       |       |       |       |     4 |       |       ||     4
         Distracted        |       |       |       |       |     1 |     1 |       ||     2
         Invisible         |       |       |       |       |       |     2 |       ||     2
 Armour: Robe              |     7 |    37 |   125 |       |    68 |     7 |       ||   244
         Steam dragon scal |       |       |    14 |   343 |   423 |       |       ||   780
         Fire dragon scale |       |       |       |       |    13 |   132 |   311 ||   456
         Ice dragon scales |       |       |       |       |       |   292 |       ||   292
         Skin              |       |       |       |       |       |     1 |       ||     1
         Swamp dragon scal |       |       |       |       |       |   225 |       ||   225
  Dodge: Dodged            |    14 |    80 |   113 |   254 |   288 |   317 |   170 ||  1236
  Block: Tower shield      |       |       |       |       |  1130 |  1323 |   628 ||  3081

Table legend: (Time is in decaauts)
 A = Elapsed time spent in this place.
 B = Non-inter-level travel time spent in this place.
 C = Inter-level travel time spent in this place.
 D = Time resting spent in this place.
 E = Time spent auto-exploring this place.
 F = Levels seen in this place.
 G = Mean time per level.
                   A        B        C        D        E       F      G
               +--------+--------+--------+--------+--------+-----+--------+
         Total |  42920 |  39825 |   3095 |   2764 |  26341 |  41 | 1046.8 |
       Dungeon |  14739 |  13367 |   1372 |    364 |  10050 |  15 |  982.6 |
        Temple |     38 |     24 |     14 |      0 |     12 |   1 |   38.0 |
          Lair |   6323 |   5965 |    358 |    150 |   4372 |   5 | 1264.6 |
         Swamp |   5258 |   4940 |    318 |    531 |   3207 |   4 | 1314.5 |
     Snake Pit |   4615 |   4358 |    257 |    459 |   2558 |   4 | 1153.8 |
  Orcish Mines |   2514 |   2345 |    169 |    113 |   1249 |   2 | 1257.0 |
        Vaults |   7369 |   6773 |    596 |    735 |   4552 |   4 | 1842.2 |
         Crypt |      1 |      1 |      0 |      0 |      0 |   1 |    1.0 |
        Depths |    785 |    777 |      8 |    200 |    156 |   1 |  785.0 |
         Abyss |    350 |    350 |      0 |      0 |      0 |   1 |  350.0 |
        Bailey |    663 |    663 |      0 |     96 |    183 |   1 |  663.0 |
       Volcano |    190 |    190 |      0 |    102 |      2 |   1 |  190.0 |
         Arena |     68 |     68 |      0 |     12 |      0 |   1 |   68.0 |
               +--------+--------+--------+--------+--------+-----+--------+

Top non-repeatable levels by time:
Vaults:2: 2203 daAuts
Vaults:1: 1897 daAuts
Vaults:3: 1778 daAuts
 Swamp:2: 1739 daAuts
 Swamp:4: 1684 daAuts
 Snake:4: 1591 daAuts
  Lair:5: 1508 daAuts
   Orc:2: 1498 daAuts
Vaults:4: 1490 daAuts
  Lair:2: 1478 daAuts
    D:12: 1437 daAuts
    D:15: 1270 daAuts
 Swamp:3: 1216 daAuts
  Lair:3: 1178 daAuts
    D:14: 1150 daAuts
